Cogmind - Beta 12 X2 @@@ ROGUE MODE // 2022.09.06 @ 11:48:31 Player: btmk16 Result: Self-destructed Performance ------------- Evolutions (4) 2000 Regions Visited (6) 1200 Robots Destroyed (79) 395 Value Destroyed (2881) 2881 Prototype IDs (5) 100 Alien Tech Used (0) 0 Bonus (511) 511 TOTAL SCORE: 7087 Bonus ------- High Alert Combat Kills 11 Entered DSFs 500 Cogmind --------- Core Integrity 224/850 Matter 11/300 Energy 91/100 System Corruption 10% Temperature Cool (75) Movement Core (350) Ox6 Location -6/Factory Parts ------- > --- POWER (1) -------- (None) > --- PROPULSION (5) --- (None) > --- UTILITY (6) ------ Armored Scrap Engine Improved Heat Sink Medium Storage Unit Hacking Suite Improved System Shield > --- WEAPON (3) ------- Grenade Launcher Cycling Accelerated Autogun Con/C > --- INVENTORY (10) --- High-capacity Battery (250) Matter Compressor (0) Hardened Medium Armor Plating System Shield Improved Medium Laser Improved Medium Laser Gatling Laser Peak State ------------ > --- POWER ------------ Improved Deuterium Engine > --- PROPULSION ------- Medium Treads Wheel Compact Wheel > --- UTILITY ---------- Armored Scrap Engine Improved Heat Sink Medium Storage Unit Hacking Suite Improved System Shield > --- WEAPON ----------- Cycling Accelerated Autogun Con/C Cycling Ballistic Autogun Construct/G > --- INVENTORY -------- High-capacity Battery Matter Compressor Hardened Medium Armor Plating Improved Medium Laser Improved Medium Laser Gatling Laser Grenade Launcher [Rating: 50] Favorites ----------- Power Cooled Ion Engine Engine Cooled Ion Engine Power Core Light Nuclear Core Propulsion Light Treads Treads Light Treads Leg Improved Carbon-fiber Leg Wheel Wheel Hover Unit Gravmag System Utility Improved Heat Sink Device Improved Heat Sink Storage High-capacity Storage Unit Hackware Hacking Suite Protection Light Armor Plating Weapon Medium Laser Energy Gun Medium Laser Ballistic Gun Cycling Ballistic Autogun Construct/G Ballistic Cannon Cycling Accelerated Autogun Con/C Launcher Mini Grenade Launcher Impact Weapon Great Maul Build | -11 -10 -9 -8 -7 -7 -6 ------- Run | Scr Mat Mat Mat Fac DSF Fac Slots Evolved 8 | . . 2 2 2 . 2 Power . | . . . . . . . Propulsion 3 | . . 1 . 1 . 1 Utility 4 | . . 1 1 1 . 1 Weapon 1 | . . . 1 . . . Parts Attached 80 | 7 10 9 28 2 5 19 Power 9 | 1 1 1 5 . . 1 Engine 7 | 1 1 1 3 . . 1 Core 2 | . . . 2 . . . Reactor . | . . . . . . . Propulsion 27 | 2 3 3 10 1 1 7 Treads 18 | 2 3 2 9 . . 2 Leg 3 | . . . . . 1 2 Wheel 5 | . . 1 1 1 . 2 Hover 1 | . . . . . . 1 Flight . | . . . . . . . Utility 23 | 2 4 3 8 1 1 4 Device 12 | 1 2 1 5 1 1 1 Storage 7 | 1 2 2 1 . . 1 Processor . | . . . . . . . Hackware 2 | . . . . . . 2 Protection 2 | . . . 2 . . . Artifact . | . . . . . . . Weapon 21 | 2 2 2 5 . 3 7 Energy Gun 16 | 2 2 2 5 . 2 3 Energy Cannon . | . . . . . . . Ballistic Gun . | . . . . . . . Ballistic Cannon 1 | . . . . . 1 . Launcher 2 | . . . . . . 2 Special Weapon . | . . . . . . . Impact Weapon 2 | . . . . . . 2 Slashing Weapon . | . . . . . . . Piercing Weapon . | . . . . . . . Special Melee Weapon . | . . . . . . . Unidentified Prototypes 3 | . . 1 2 . . . Corrupted Parts 1 | . . . . . . 1 System Corruption 8 | . . . . . . 8 Parts Lost 37 | . . . 11 . 7 19 Power 5 | . . . 3 . . 2 Propulsion 16 | . . . 4 . 2 10 Utility 6 | . . . 2 . 3 1 Weapon 10 | . . . 2 . 2 6 Highest Loss Streak 8 | . . . 5 . 7 8 To Critical Strikes . | . . . . . . . Average Slot Usage (%) 75 | . 96 84 96 84 73 49 Engine 6 | . 13 11 4 7 7 3 Treads 15 | . 27 27 25 15 7 2 Leg 1 | . . . . . 1 2 Wheel 4 | . . . . 14 15 4 Device 13 | . 12 12 21 15 11 7 Storage 7 | . 14 11 9 7 7 4 Hackware 2 | . . . . . . 8 Protection 1 | . . . 3 7 3 . Energy Gun 15 | . 27 22 25 15 11 2 Ballistic Gun 1 | . . . . . . 3 Ballistic Cannon 1 | . . . . . 5 4 Naked Turns . | . . . . . . . Heaviest Build 65 | 15 30 55 64 60 65 57 Greatest Support 60 | 40 40 60 60 22 22 53 Greatest Overweight (x) 9 | . 9 3 5 2 2 9 Average Overweight (x) . | . . . . 2 2 1 Largest Inventory Capacity 20 | 8 15 20 20 20 20 20 Average Capacity 15 | 7 10 17 20 20 20 11 Most Carried 20 | 6 11 19 20 20 18 16 Average Carried 12 | 4 7 16 19 16 16 8 Final Capacity 20 | 8 15 20 20 20 20 10 Final Carried 20 | 6 11 19 20 18 16 7 Class Distribution -------------------- 34% | Scavenger-Mutant 32% | Mutant 13% | Hacker-Mutant 10% | Scavenger-Tank 7% | Scavenger-Gunner Dominant Class ---------------- Mutant | -10/Materials Mutant | -9/Materials Scavenger-Tank | -8/Materials Scavenger-Mutant | -7/Factory Mutant | -7/DSF Hacker-Mutant | -6/Factory Resources | -11 -10 -9 -8 -7 -7 -6 ----------- Run | Scr Mat Mat Mat Fac DSF Fac Matter Collected 1552 | 141 229 90 276 . 140 676 Remotely . | . . . . . . . Salvage Created 4026 | 136 282 258 1618 . 211 1521 Parts 141 | 9 7 10 66 . 7 42 Haulers Intercepted 4 | . . . 2 . 1 1 Recyclers Shooed 5 | . . . . . . 5 Parts Field Recycled . | . . . . . . . Retrieved Matter . | . . . . . . . Parts Self-Destructed . | . . . . . . . Prevented . | . . . . . . . Kills | -11 -10 -9 -8 -7 -7 -6 ------- Run | Scr Mat Mat Mat Fac DSF Fac Combat Hostiles Destroyed 58 | . 4 5 29 . 3 17 Guns 40 | . 2 5 27 . 1 5 Cannons 7 | . . . . . 2 5 AOE 3 | . . . . . . 3 Classes Destroyed 12 | 3 1 1 4 . 1 2 Worker 8 | 2 . . 3 . . 3 Builder 1 | . . . . . . 1 Tunneler 1 | 1 . . . . . . Hauler 4 | . . . 2 . 1 1 Recycler 7 | 1 1 . 1 . . 4 Swarmer 3 | . . . 3 . . . Grunt 36 | . 4 3 17 . . 12 Duelist 2 | . . . 2 . . . Sentry 10 | . . 2 6 . . 2 Specialist 3 | . . . . . 3 . Hunter 2 | . . . 1 . . 1 Programmer 2 | . . . . . . 2 Best Kill Streak 8 | 4 2 2 8 . 2 6 Combat Bots Only 6 | . 2 2 6 . 1 5 Max Kills in Single Turn 2 | 1 1 1 1 . 1 2 Gunslinging . | . . . . . . . Exploded 2 | . . . . . . 2 Melee . | . . . . . . . Uniques/NPCs Destroyed . | . . . . . . . Combat | -11 -10 -9 -8 -7 -7 -6 -------- Run | Scr Mat Mat Mat Fac DSF Fac Damage Taken 5953 | . 212 213 1410 . 852 3266 Core 1011 | . 77 23 161 . 124 626 Absorbed by Shields 120 | . . . 48 . 72 . Core Remaining (%) 83 | 100 69 94 70 . 82 . Volleys Fired 264 | 8 21 14 87 . 19 115 Largest 3 | 2 2 2 3 . 3 2 Hottest 188 | 100 100 112 188 . 169 94 Shots Fired 579 | 16 42 28 244 . 48 201 Gun 459 | 16 42 28 244 . 29 100 Cannon 113 | . . . . . 19 94 Launcher 7 | . . . . . . 7 Special . | . . . . . . . Kinetic 178 | . . . . . 19 159 Thermal 377 | 16 42 28 244 . 29 18 Explosive 7 | . . . . . . 7 Electromagnetic 17 | . . . . . . 17 Robot Hit Streak 26 | 5 12 8 26 . 13 11 Robot Miss Streak 6 | 1 2 4 6 . 5 4 Penetration Max . | . . . . . . . Secondary Targets 4 | . . 1 3 . . . Max Gunslinging Chain 1 | . . 1 1 . . . Shots Hit Robots 391 | 11 33 17 165 . 29 136 Core Hits 151 | 4 10 10 63 . 7 57 Critical Kills . | . . . . . . . Critical Parts Destroyed 5 | . . . . . . 5 Critical Strikes 24 | 2 2 1 8 . 2 9 Burn 19 | 2 2 1 8 . 2 4 Destroy 1 | . . . . . . 1 Smash 4 | . . . . . . 4 Melee Attacks 16 | . . . . . . 16 Impact 16 | . . . . . . 16 Slashing . | . . . . . . . Piercing . | . . . . . . . Sneak Attacks 1 | . . . . . . 1 Combat Hostiles . | . . . . . . . Follow-up Attacks . | . . . . . . . Damage Inflicted 7736 | 140 417 243 2804 . 615 3517 Guns 5123 | 140 417 243 2804 . 299 1220 Cannons 1685 | . . . . . 316 1369 Explosions 470 | . . . . . . 470 Melee 458 | . . . . . . 458 Ramming . | . . . . . . . Kinetic 2405 | . . . . . 316 2089 Thermal 4204 | 140 417 243 2804 . 299 301 Explosive 369 | . . . . . . 369 Electromagnetic 300 | . . . . . . 300 Impact 458 | . . . . . . 458 Slashing . | . . . . . . . Piercing . | . . . . . . . Highest Corruption 10 | . . . 4 . . 10 Average Corruption 5 | . . . 1 . . 8 Corruption Purged . | . . . . . . . Corruption Blocked . | . . . . . . . Effects 40 | . . . 4 . . 36 Message Errors 12 | . . . . . . 12 Matter Fused 10 | . . . 1 . . 9 Heat Flow Errors 8 | . . . 1 . . 7 Energy Discharges 5 | . . . 1 . . 4 Parts Rejected 1 | . . . 1 . . . Data Loss (minor) 1 | . . . . . . 1 Data Loss (major) 2 | . . . . . . 2 Weapon Failures 1 | . . . . . . 1 Overload Shots . | . . . . . . . Overflow Damage 316 | . . . . . 20 296 Projectiles 98 | . . . . . 20 78 Explosions 7 | . . . . . . 7 Melee 211 | . . . . . . 211 Knockbacks 25 | . . . . . 4 21 Impact 4 | . . . . . . 4 Kinetic 18 | . . . . . 4 14 Secondary 3 | . . . . . . 3 Self-Inflicted Damage 219 | . . . . . . 219 Shots 6 | . . . . . . 6 Rammed . | . . . . . . . Targets Rammed . | . . . . . . . Kicked . | . . . . . . . Crushed . | . . . . . . . Highest Temperature 365 | 156 303 33 365 . 78 259 Average Temperature 81 | 63 130 11 82 . 36 62 Received Heat Transfer 1782 | . 123 90 675 . 9 885 Effects 2 | . 2 . . . . . Energy Bleed 2 | . 2 . . . . . Siege Activations . | . . . . . . . Robots Corrupted 2 | . . . . . . 2 Combat Hostiles 2 | . . . . . . 2 Parts Fried 10 | . . . . . . 10 Impact Corruptions 5 | . . . . . . 5 Robots Melted 5 | 1 2 . 2 . . . Combat Hostiles 4 | . 2 . 2 . . . Parts Melted 34 | 1 5 1 22 . 2 3 Heat Transferred 11459 | 555 1369 703 7030 . 814 988 Parts Sabotaged . | . . . . . . . Parts Stolen . | . . . . . . . Parts Stripped . | . . . . . . . Power Chain Reactions 1 | . . . . . . 1 Missiles Intercepted . | . . . . . . . Alert | -11 -10 -9 -8 -7 -7 -6 ------- Run | Scr Mat Mat Mat Fac DSF Fac Peak Influence 415 | 20 116 164 415 167 48 159 Initial 167 | . 13 1 . 167 3 19 Average 110 | 2 27 58 216 143 25 83 Maximum Alert Level 2 | . . . 2 . . . Low Security (%) 85 | 100 100 100 41 100 100 100 Level 1 14 | . . . 58 . . . Level 2 . | . . . . . . . Level 3 . | . . . . . . . Level 4 . | . . . . . . . Level 5 . | . . . . . . . High Security . | . . . . . . . Max Security . | . . . . . . . Squads Dispatched 13 | . 1 1 2 . 1 8 Investigation . | . . . . . . . Extermination 1 | . . . . . . 1 Reinforcement 9 | . 1 1 2 . 1 4 Assault . | . . . . . . . Garrison 3 | . . . . . . 3 Intercept . | . . . . . . . Searches Triggered . | . . . . . . . Construction Impeded 1 | . . . . . . 1 Haulers Reinforced 1 | . . . . . . 1 Active Scanning Responses . | . . . . . . . Cargo Convoy Interrupts 1 | . . . . . . 1 Stealth | -11 -10 -9 -8 -7 -7 -6 --------- Run | Scr Mat Mat Mat Fac DSF Fac Distress Signals 6 | . . 1 4 . . 1 Communications Jammed . | . . . . . . . Distress Signals . | . . . . . . . Times Spotted 96 | . 8 8 40 . 4 36 Peak Tracking Total 11 | . 4 2 7 . 2 11 Tactical Retreats 3 | . . 1 . . 1 1 Traps | -11 -10 -9 -8 -7 -7 -6 ------- Run | Scr Mat Mat Mat Fac DSF Fac Traps Triggered 8 | . 3 . 4 . 1 . Indirectly . | . . . . . . . Trap Hack Attempts . | . . . . . . . Triggered . | . . . . . . . Disarmed . | . . . . . . . Reprogrammed . | . . . . . . . Reused . | . . . . . . . Traps Extracted . | . . . . . . . Installed . | . . . . . . . Triggered 1 | . . . . . . 1 Machines | -11 -10 -9 -8 -7 -7 -6 ---------- Run | Scr Mat Mat Mat Fac DSF Fac Machines Disabled 4 | . . . . . 1 3 Max in Single Turn 1 | . . . . . 1 1 Garrison Access 1 | . . . . . . 1 Machines Sabotaged . | . . . . . . . Overloaded Fab Kills . | . . . . . . . Hacking | -11 -10 -9 -8 -7 -7 -6 --------- Run | Scr Mat Mat Mat Fac DSF Fac Machines Accessed 9 | . 1 . 3 1 . 4 Terminals 7 | . 1 . 3 1 . 2 Fabricators . | . . . . . . . Repair Stations 1 | . . . . . . 1 Recycling Units . | . . . . . . . Scanalyzers . | . . . . . . . Garrison Access 1 | . . . . . . 1 Total Hacks 16 | . 3 . 4 1 . 8 Successful 7 | . . . 2 1 . 4 Failed 9 | . 3 . 2 . . 4 Catastrophic 2 | . . . . . . 2 Database Lockouts . | . . . . . . . Manual 1 | . . . . . . 1 Terminals 11 | . 3 . 4 1 . 3 Fabricators . | . . . . . . . Repair Stations 2 | . . . . . . 2 Recycling Units . | . . . . . . . Scanalyzers . | . . . . . . . Garrison Access 3 | . . . . . . 3 Terminal Hacks 4 | . . . 2 1 . 1 Open DSF 1 | . . . . 1 . . Alert Level 1 | . . . 1 . . . Hauler Manifests 2 | . . . 1 . . 1 Fabricator Hacks . | . . . . . . . Repair Station Hacks 1 | . . . . . . 1 Scan Component 1 | . . . . . . 1 Recycling Unit Hacks . | . . . . . . . Scanalyzer . | . . . . . . . Garrison Access Hacks 1 | . . . . . . 1 Seal Access 1 | . . . . . . 1 Unauthorized Hacks 1 | . . . . . . 1 Terminals 1 | . . . . . . 1 Assimilate 1 | . . . . . . 1 Fabricators . | . . . . . . . Repair Stations . | . . . . . . . Recycling Units . | . . . . . . . Scanalyzers . | . . . . . . . Garrison Access . | . . . . . . . Data Cores Recovered . | . . . . . . . Used . | . . . . . . . Hacking Detections 7 | . 1 . 1 1 . 4 Full Trace Events . | . . . . . . . Feedback Events . | . . . . . . . Feedback Blocked . | . . . . . . . Robot Schematics Acquired . | . . . . . . . Robots Built . | . . . . . . . Authchips . | . . . . . . . Time . | . . . . . . . Total Robot Build Rating . | . . . . . . . Part Schematics Acquired . | . . . . . . . Parts Built . | . . . . . . . Authchips . | . . . . . . . Time . | . . . . . . . Total Part Build Rating . | . . . . . . . Parts Repaired . | . . . . . . . Time . | . . . . . . . Parts Recycled . | . . . . . . . Recycled Matter . | . . . . . . . Retrieved Matter . | . . . . . . . Retrieved Components . | . . . . . . . Parts Scanalyzed . | . . . . . . . Part Schematics Acquired . | . . . . . . . Parts Damaged . | . . . . . . . Bothacking | -11 -10 -9 -8 -7 -7 -6 ------------ Run | Scr Mat Mat Mat Fac DSF Fac Used RIF Installer . | . . . . . . . Robots Hacked . | . . . . . . . Non-combat . | . . . . . . . Combat . | . . . . . . . Robot Hacks Applied . | . . . . . . . Relay Couplers Released . | . . . . . . . Fabnet Peak Effective % . | . . . . . . . Robots Rewired . | . . . . . . . Allies Hacked . | . . . . . . . Hacks Repelled . | . . . . . . . Allies | -11 -10 -9 -8 -7 -7 -6 -------- Run | Scr Mat Mat Mat Fac DSF Fac Total Allies . | . . . . . . . Largest Group . | . . . . . . . Highest-Rated Group . | . . . . . . . Highest-Rated Ally . | . . . . . . . Total Orders . | . . . . . . . Ally Attacks . | . . . . . . . Total Damage . | . . . . . . . Kills . | . . . . . . . Allies Corrupted . | . . . . . . . Allies Melted . | . . . . . . . Intel | -11 -10 -9 -8 -7 -7 -6 ------- Run | Scr Mat Mat Mat Fac DSF Fac Robot Analysis Total . | . . . . . . . Derelict Logs Recovered . | . . . . . . . Drone Launches . | . . . . . . . Drone Recoveries . | . . . . . . . Exploration | -11 -10 -9 -8 -7 -7 -6 ------------- Run | Scr Mat Mat Mat Fac DSF Fac Turns Passed 4028 | 111 498 424 997 463 117 1418 Spaces Moved 1484 | 46 157 217 358 33 47 626 Core 200 | 2 1 . . . . 197 Treads 726 | 44 156 213 313 . . . Legs 100 | . . . . . . 100 Wheels 458 | . . 4 45 33 47 329 Hover . | . . . . . . . Flight . | . . . . . . . Fastest Speed 50 | 50 160 125 150 115 115 90 Average Speed 154 | 155 163 159 167 115 115 147 Slowest Speed 500 | 160 500 160 240 115 115 500 Overloaded Moves . | . . . . . . . Propulsion Burnouts . | . . . . . . . Robots Hopped . | . . . . . . . Cave-ins Triggered . | . . . . . . . Exploration Rate (%) 22 | 5 21 21 50 1 44 15 Regions Visited 6 Branch Regions . Pre-discovered Areas . | . . . . . . . Known Exits Taken 1 | . . . . 1 . . Unknown Exits Taken 4 | 1 1 1 1 . . . Scrap Searched . | . . . . . . . Spaces Dug 2 | . . . . . . 2 Terrain Destroyed 32 | . . . . . . 32 Melee 1 | . . . . . . 1 Projectile 4 | . . . . . . 4 AOE 27 | . . . . . . 27 Terrain Rammed . | . . . . . . . Walls Destroyed . | . . . . . . . Machines Disabled . | . . . . . . . Actions | -11 -10 -9 -8 -7 -7 -6 --------- Run | Scr Mat Mat Mat Fac DSF Fac Total 2706 | 66 352 266 570 461 72 919 Wait 793 | . 161 15 66 417 . 134 Move 1478 | 45 156 216 357 32 46 626 Hop . | . . . . . . . Pick Up 37 | 6 3 6 13 3 1 5 Fast Attach 43 | 7 8 5 8 1 1 13 Attach 23 | . . 1 12 1 4 5 Detach 9 | . 1 2 3 1 1 1 Swap 15 | . 2 3 9 . . 1 Drop 28 | . . 4 15 6 . 3 Fire 264 | 8 21 14 87 . 19 115 Melee 16 | . . . . . . 16 Ram . | . . . . . . . Kick . | . . . . . . . Crush . | . . . . . . . Escape Stasis . | . . . . . . . Rewire . | . . . . . . . Trap . | . . . . . . . Miscellaneous . | . . . . . . . Route ------- -11/Scrapyard -10/Materials -9/Materials -8/Materials -7/Factory -7/DSF -6/Factory History --------- Turn | Location | Event 46 | -11/Scrapyard | Discovered new exit (range 16) 112 | -11/Scrapyard | Entered Materials 315 | -10/Materials | Build established: Mutant 433 | -10/Materials | Discovered new exit (range 11) 610 | -10/Materials | Entered another Materials area 610 | -9/Materials | Evolved 2 slots: Propulsion x1, Utility x1 975 | -9/Materials | Discovered new exit (range 16) 1034 | -9/Materials | Entered another Materials area 1034 | -8/Materials | Evolved 2 slots: Utility x1, Weapon x1 1605 | -8/Materials | Lost 5 parts (1p2n1u1w) 1974 | -8/Materials | Build established: Scavenger-Tank 2007 | -8/Materials | Discovered new exit (range 12) 2031 | -8/Materials | Entered Factory 2031 | -7/Factory | Evolved 2 slots: Propulsion x1, Utility x1 2032 | -7/Factory | Found Scrap Engine 2329 | -7/Factory | Build established: Scavenger-Mutant 2493 | -7/Factory | Identified exit to DSF 2494 | -7/Factory | Entered DSF 2511 | -7/DSF | Discovered new exit (range 15) 2525 | -7/DSF | Additional patrols routed to DSF 2597 | -7/DSF | Lost 7 parts (2n3u2w) 2611 | -7/DSF | Entered Factory 2611 | -6/Factory | Evolved 2 slots: Propulsion x1, Utility x1 2643 | -6/Factory | Garrison activated, responded to threat 2893 | -6/Factory | Build established: Mutant 2922 | -6/Factory | Lost 3 parts (3w) 3049 | -6/Factory | Core integrity fell below 50% 3081 | -6/Factory | Lost 8 parts (1p4n1u2w) 3438 | -6/Factory | Build established: Hacker-Mutant 3936 | -6/Factory | Build established: Scavenger-Mutant 3980 | -6/Factory | System corruption reached 10% 4020 | -6/Factory | Lost 3 parts (3n) 4027 | -6/Factory | Cargo convoy interrupted 4029 | -6/Factory | Self-destructed Last Messages --------------- 04023_ Arm. Scrap Engine damaged due to network destabilization (-6). 04023_ Imp. Deuterium Engine destroyed. 04024_ R-10 Processor collects Field Recycling Unit. 04025_ K-01 Serf collects debris. 04026_ C-30 ARC bursts open, deploying its payload. 04026_ P-60 Hacker unfolds itself. 04026_ H-66 Slayer unfolds itself. 04026_ M-28 Smith unfolds itself. 04026_ Slug penetrates Wall. 04027_ ALERT: Cargo convoy interrupted, initiating access lockdown. 04028_ C-30 ARC bursts open, deploying its payload. 04028_ X-62 Marksman unfolds itself. 04028_ P-60 Hacker unfolds itself. 04028_ H-66 Slayer unfolds itself. 04028_ E-15 Imp unfolds itself. 04028_ K-01 Serf collects debris. 04028_ Slug penetrates Wall. 04029_ Penetrated by Slug. 04029_ Slug penetrates Wall. 04029_ Slug penetrates P-60 Hacker. Map ----- +----------------------------------------------------+ | ?????????????????????????????????????????????????? | | ?????????????????????????????????????????????????? | | ?????????????????????????????????????????????????? | | ?????????????????????????????????????????????????? | | ?????????????????????????????????????????????????? | | ?????????????????????????????????????????????????? | | ?????????????????????????????????????????????????? | | ?????????????????????????????????????????????????? | | ?????????????????????????????????????????????????? | | ?????????????????????????????????????????????????? | | ?????????????????????????????????????????????????? | | ?????????????????????????????????????????????????? | | ?????????????????????????????????????????????????? | | ????????????????????????????????? "?????????????? | | ????????????????????????????????? "?????????????? | | ????????????????????????????????? ????????????? | | ????????????????????????????##### ""????????????? | | ????????????????????????????# """ "?????????? | | ????????????????????????????# """ ??????????? | | ???????????????????########## ???????????? | | ???????????????????# # ????????????? | | ???????????????????# # ?????????????? | | ???????????????????# # #??????????????? | | ???????????????????# [ # #??????????????? | | ???????????????????# # #??????????????? | | ???????????????????# !@ # #??????????????? | | ???????????????????# !% pxp h #??????????????? | | ???????????????????# [ = %h%%% #??????????????? | | ???????????????????#[ hh %R #??????????????? | | ???????????????????###### e x k #??????????????? | | ???????#########+??########## i #??????????????? | | ???????# T #??????????????? | | ???????# #??????????????? | | ???????# ^ ############# #? | | ???????+ ^ """" """" """" """" # #? | | ???????# """" """" """" """" # """ #? | | ???????# """" """" """" """" # "T" """ """ #? | | ######## # """ """ #? | | """" """ """" """" # """ """ #? | | """" """ """" """" # #? | | """" """ """" """" + """ !! """ #? | | # """ ! """ #? | | # """ ! """ #? | | ###/#############+####### ### #? | | """" ## [ #? ????# #?# #? | | """" # # ??# #?######+########? | | "" ## /! # ?# #????????????????? | | ## /! # # #????????????????? | | ## ! # # ????????????????? | | ## # ###????????????????? | +----------------------------------------------------+ Best States ------------- Heat Dissipation 59 Energy Generation 16 Energy Capacity 410 Matter Stores 300 Matter Capacity 300 Sight Range 16 Terrain Scan Density 10 Armor Coverage 150 Core Shielding 20 Evasion (%) 45 Recoil Reduction 3 Offensive Hacking 10 Defensive Hacking 12 Item Schematics ----------------- None Robot Schematics ------------------ None Fabricated ------------ Nothing Alien Tech Used ----------------- None Achievements -------------- None Challenges ------------ None Game ------ Seed TerrabombBladeMapper Manual? 0 Play Time 00:27:03 Cumulative 483.8 hours Start 2022.09.06 @ 11:07:47 End 2022.09.06 @ 11:48:31 Sessions 1 Manual Loads 0 Difficulty Rogue Special Mode None Game No. 554 Rogue 553 Adventurer 0 Explorer 1 Win Type - Total 15 Types 10/0/2/3/0/0/0/0/0 Lore% 79 Gallery% 88 Achievement% 70 Wizard Run 0 Options --------- ASCII 0 Keyboard 1 Movement Vi Keybinds 0 Fullscreen 1 Font 18/SmallcapsGlow Map View 76x50 Tactical HUD 1 Map Filters NONE Filters NONE Steam 1 RUN: 157661bb-b000-4a8d-97b5-85cc91e3c87b